 Dungeon Crawl Stone Soup version 0.29.1 (webtiles) character file.

Game seed: 956594030363149350

134366 LabCoat the Executioner (level 17, -3/234 HPs)
             Began as a Hill Orc Fighter on Sept 13, 2022.
             Was an Elder of Trog.
             Slain by a seven-headed hydra (12 damage)
             ... on level 4 of the Swamp.
             The game lasted 02:24:52 (33281 turns).

LabCoat the Executioner (Hill Orc Fighter)         Turns: 33281, Time: 02:24:52

Health: -3/234     AC: 24    Str: 33    XL:     17   Next: 17%
Magic:  5/5        EV:  7    Int:  8    God:    Trog [****..]
Gold:   1660       SH: 17    Dex: 11    Spells: 16/16 levels left

rFire   + . .      SeeInvis .   R - +0 flail of Generosity {antimagic, *Slow rElec rC+}
rCold   + . .      Faith    .   S - +0 kite shield
rNeg    . . .      Spirit   .   P - +2 plate armour {rPois}
rPois   +          Reflect  +   C - +0 helmet
rElec   +          Harm     +   X - scarf {harm}
rCorr   +          Rampage  .   J - +1 pair of gloves {hurl}
Will    ++...                   k - +0 pair of boots
Stlth   ..........              H - amulet of Kuf Qog {Reflect Will+ SH+5}
HPRegen 0.49/turn               K - ring "Hompi" {rPois rF- rCorr Dex+3}
MPRegen 0.09/turn               Y - ring "Comuqoint" {rElec rF++ Str+6 Dex-2 Stlth+}

@: mighty, berserking, lethally poisoned (-3 -> -6), hasted and slowed
A: no striking features
a: Renounce Religion, Berserk, Trog's Hand, Brothers in Arms


You were on level 4 of the Swamp.
You worshipped Trog.
Trog was greatly pleased with you.
You visited 5 branches of the dungeon, and saw 27 of its levels.
You also visited: Ossuary and Ice Cave.

You collected 2655 gold pieces.
You spent 995 gold pieces at shops.

Inventory:

Hand Weapons
 f - the +8 mithril axe "Arga" {speed, Will+}
   (You acquired it on level 1 of the Dungeon)

   Attacks with this weapon are significantly faster.
   Will:      It increases your willpower.
 m - a +5 executioner's axe
 z - a +5 antimagic broad axe
 N - a +2 battleaxe of venom
 R - the +0 flail of Generosity (weapon) {antimagic, *Slow rElec rC+}
   (You found it on level 11 of the Dungeon)

   It reduces the magical energy of the wielder, and disrupts the spells and
   magical abilities of those it strikes.
   Natural abilities and divine invocations are not affected.
   rC:        It protects you from cold.
   rElec:     It insulates you from electricity.
   *Slow:     It may slow you when you take damage.
Missiles
 c - 4 boomerangs (quivered)
 D - 22 poisoned darts
Armour
 k - a +0 pair of boots (worn)
 C - a +0 helmet (worn)
 J - a +1 pair of gloves of hurling (worn)
 P - a +2 plate armour of poison resistance (worn)
 S - a +0 kite shield (worn)
 W - a +0 plate armour of cold resistance
 X - a scarf of harm (worn)
Jewellery
 d - a ring of ice
 j - a ring of see invisible
 w - a +4 ring of protection
 H - the amulet of Kuf Qog (around neck) {Reflect Will+ SH+5}
   (You found it on level 8 of the Dungeon)

   [amulet of reflection]

   It reflects blocked missile attacks.
   SH:        It affects your SH (+5).
   Will:      It increases your willpower.
 K - the ring "Hompi" (left hand) {rPois rF- rCorr Dex+3}
   (You acquired it on level 5 of the Lair of Beasts)

   [ring of resist corrosion]

   Dex:       It affects your dexterity (+3).
   rF:        It makes you vulnerable to fire.
   rPois:     It protects you from poison.
   rCorr:     It protects you from acid and corrosion.
 M - a ring of fire
 O - a +4 ring of evasion
 Q - a +4 ring of evasion
 T - a ring of willpower
 V - a ring of protection from cold
 Y - the ring "Comuqoint" (right hand) {rElec rF++ Str+6 Dex-2 Stlth+}
   (You found it on level 13 of the Dungeon)

   [ring of strength]

   Str:       It affects your strength (+6).
   Dex:       It affects your dexterity (-2).
   rF:        It greatly protects you from fire.
   rElec:     It insulates you from electricity.
   Stlth:     It makes you more stealthy.
 Z - a +4 ring of protection
Wands
 a - a wand of roots (15)
 n - a wand of acid (8)
 t - a wand of paralysis (26)
 v - a wand of digging (10)
 F - a wand of flame (1)
Scrolls
 o - 6 scrolls of poison
 p - a scroll of blinking
 q - 9 scrolls of teleportation
 r - 5 scrolls of identify
 s - 2 scrolls of fog
 u - 2 scrolls of fear
 y - 5 scrolls of magic mapping
 A - 4 scrolls of enchant armour
 B - a scroll of acquirement
 E - 4 scrolls of enchant weapon
 I - a scroll of summoning
Potions
 b - a potion of resistance
 e - 2 potions of haste
 g - 18 potions of curing
 h - 2 potions of ambrosia
 i - 4 potions of flight
 l - 2 potions of magic
 G - a potion of invisibility
 L - 3 potions of berserk rage
 U - 7 potions of might
Miscellaneous
 x - a lightning rod (4/4)


   Skills:
 + Level 15.6 Fighting
 * Level 22.5 Axes
 - Level 5.2 Throwing
 + Level 14.2 Armour
 + Level 14.1 Shields
 + Level 11.3 Evocations


You had 16 spell levels left.
You didn't know any spells.
Your spell library contained the following spells:

 Spells                   Type           Power      Damage    Failure   Level
 Necrotise                Necr           0%         1d4       98%         1
 Slow                     Hex            0%         N/A       98%         1
 Blink                    Tloc           0%         N/A       99%         2
 Ensorcelled Hibernation  Hex/Ice        0%         N/A       99%         2
 Confusing Touch          Hex            0%         N/A       100%        3
 Inner Flame              Hex/Fire       0%         N/A       100%        3
 Lesser Beckoning         Tloc           0%         N/A       100%        3
 Spider Form              Tmut/Pois      0%         N/A       100%        3
 Vampiric Draining        Necr           0%         2d6       100%        3
 Anguish                  Hex/Necr       0%         N/A       100%        4
 Cause Fear               Hex            0%         N/A       100%        4
 Corpse Rot               Necr/Pois/Air  0%         N/A       100%        4
 Dispel Undead            Necr           0%         3d6       100%        4
 Agony                    Necr           0%         N/A       100%        5
 Fireball                 Conj/Fire      0%         3d3       100%        5
 Iskenderun's Battlesphe  Conj           0%         2d6       100%        5
 Manifold Assault         Tloc           0%         N/A       100%        5
 Yara's Violent Unravell  Hex/Tmut       0%         3d3       100%        5
 Conjure Ball Lightning   Conj/Air       0%         3x3d6     100%        6
 Death Channel            Necr           0%         N/A       100%        6
 Enfeeble                 Hex            0%         N/A       100%        7
 Orb of Destruction       Conj           0%         9d5       100%        7
 Storm Form               Tmut/Air       0%         N/A       100%        7
 Discord                  Hex            0%         N/A       100%        8


Dungeon Overview and Level Annotations

Branches:
Dungeon (15/15)            Temple (1/1) D:6            Lair (5/5) D:10
  Swamp (4/4) Lair:3        Snake (0/4) Lair:2        Slime (0/5) Lair:4
    Orc (2/2) D:10            Elf (0/3) Orc:2        Vaults (0/5) D:13
 Depths (0/4) D:15        Ossuary (visited)           IceCv (visited)

Altars:
Ashenzari
Cheibriados
Dithmenos
Elyvilon
Fedhas
Gozag
Hepliaklqana
Kikubaaqudgha
Makhleb
Nemelex Xobeh
Okawaru
Qazlal
Ru
Sif Muna
Trog
Uskayaw
Vehumet
Wu Jian
Xom
Yredelemnul
Zin
The Shining One
Jiyva

Shops:
D:7 *   D:9 :   D:10 *   D:12 *   Orc:2 *?[!

Annotations:
D:4 3 runed translucent doors, Smoky173's ghost, amateur DECj; tensugalgo's ghost, novice PaBr; topfpfpflanze's ghost, amateur TeAE
D:8 1 runed translucent door, vilexx's ghost, novice OpTm
Lair:1 exclusion: oklob plant
Lair:2 3 runed translucent doors, Cato's ghost, journeyman DECj; Dwachs's ghost, journeyman DrCj; Ordine's ghost, journeyman TeHu; Weugil's ghost, journeyman HaBe; aspi's ghost, journeyman DsHW
Lair:4 exclusion: 2 oklob plants
Orc:1 3 runed translucent doors, dvd2's ghost, journeyman DsBe


Message History

The swamp dragon tramples you but does no damage.
The swamp dragon bites you but does no damage.
The swamp dragon claws you but does no damage.
The swamp dragon tramples you but does no damage.
You block the seven-headed hydra's attack.
The seven-headed hydra bites you but does no damage.
The seven-headed hydra bites you.
* * * LOW HITPOINT WARNING * * *
The seven-headed hydra bites you but does no damage.
The seven-headed hydra bites you.
* * * LOW HITPOINT WARNING * * *
The seven-headed hydra bites you.
* * * LOW HITPOINT WARNING * * *
The seven-headed hydra bites you but does no damage.
The swamp dragon bites you but does no damage.
The swamp dragon claws you but does no damage.
The swamp dragon closely misses you.
You sock the eight-headed hydra!
The eight-headed hydra is severely wounded.
You feel sick. The eight-headed hydra bites you.
* * * LOW HITPOINT WARNING * * *
You block the eight-headed hydra's attack. x2
The eight-headed hydra bites you!
* * * LOW HITPOINT WARNING * * *
The eight-headed hydra bites you but does no damage. x2
You block the eight-headed hydra's attack.
The eight-headed hydra bites you but does no damage.
The swamp dragon bites you.
* * * LOW HITPOINT WARNING * * *
The swamp dragon claws you but does no damage.
You block the swamp dragon's attack.
The swamp dragon bites you but does no damage.
The swamp dragon claws you.
* * * LOW HITPOINT WARNING * * *
The swamp dragon closely misses you. The swamp dragon barely misses you.
The swamp dragon claws you but does no damage.
The swamp dragon tramples you but does no damage.
The seven-headed hydra bites you but does no damage.
The seven-headed hydra bites you!
You die...

......#.~P. #.~.~†
.8.. #~.... ~~.
♣#..~ .#.#'# ♣
♣.#†###D~~..
♣.♣~..†[~~♣
♣°~~knDk§~♣♣♣♣♣♣♣
♣♣..DDDk~~~.~~~.♣♣♣
♣♣.D@D♣♣~~~..~~~~♣♣
♣♣♣♣♣○♣♣~....~~~~♣
~♣≈≈§♣♣....§~~~♣
♣≈≈≈≈○♣§~~....~♣♣♣
♣♣≈♣≈≈♣♣....~♣♣♣♣~♣
♣≈~♣♣♣♣...~♣♣♣♣♣~.~
♣♣♣.~~~......♣♣~~.~
♣♣♣♣§.~~.~~~..♣♣....
♣~~~~....~~~♣♣♣♣♣♣..


You could see an eight-headed hydra, a seven-headed hydra, 2 five-headed hydras,
3 swamp dragons, a bog body and 3 swamp drakes.

Vanquished Creatures
  Jorgrun (D:12)
  Gastronok (Lair:1)
  A thorn hunter (Swamp:4)
  3 fenstrider witches
  4 ghouls (Swamp:2)
  Azrael (D:12)
  7 eleionomae
  A dire elephant (Lair:5)
  Nessos (D:12)
  2 bunyips
  Snorg (D:12)
  3 vault guards (D:13)
  2 rakshasas (D:15)
  A great orb of eyes (D:15)
  A catoblepas (Lair:5)
  8 hydras
  3 ghost crabs
  Fannar (Lair:3)
  An anaconda (shapeshifter) (D:13)
  7 two-headed ogres
  2 centaur warriors
  7 alligators
  A death knight (D:15)
  3 boulder beetles
  12 death yaks
  A deep troll shaman (Lair:5)
  5 orc high priests (Orc:2)
  8 spriggans
  2 goliath frogs
  5 spriggan druids
  6 bog bodies
  5 swamp dragons
  3 wizards
  9 orc knights
  2 necromancers (D:13)
  A phantasmal warrior (D:15)
  3 deep elf pyromancers
  18 ugly things
  An orc sorcerer (Orc:2)
  A wolf spider (D:15)
  A moth of wrath (shapeshifter) (D:15)
  A cyclops (D:13)
  2 will-o-the-wisps
  2 manticores (D:12)
  2 ice statues (IceCv)
  A black mamba (Lair:1)
  3 gargoyles
  2 rime drakes
  12 cane toads
  Maggie (D:8)
  26 elephants
  2 kobold demonologists
  4 komodo dragons
  A yaktaur (D:15)
  A freezing wraith (D:15)
  A komodo dragon (shapeshifter) (D:15)
  5 ice devils (IceCv)
  2 trolls
  6 tyrant leeches
  4 polar bears
  3 meliai (D:14)
  5 blink frogs (Lair:3)
  9 hornets
  6 slime creatures
  3 shadows
  A wyvern (Lair:5)
  2 dire elephant simulacra (IceCv)
  18 humans (D:13)
  3 wraiths
  A basilisk (Lair:3)
  18 yaks
  2 steam dragons
  4 fire elementals (D:12)
  A death yak simulacrum (IceCv)
  A harpy simulacrum (IceCv)
  An acid dragon (D:13)
  A warg (Orc:2)
  16 swamp worms
  2 hell hounds (D:12)
  2 nagas (Lair:2)
  12 water moccasins
  2 black bears
  31 orc warriors
  3 swamp drakes
  A sky beast (D:7)
  A hornet zombie (D:6)
  7 ogres
  2 ice beasts
  8 wolves
  3 boggarts (D:15)
  3 phantoms (D:6)
  16 centaurs
  3 elf zombies (Ossuary)
  6 kobold brigands
  2 necrophages (D:6)
  8 bullfrogs
  5 scorpions
  3 two-headed ogre simulacra (IceCv)
  A gnoll sergeant (D:7)
  A wyvern zombie (D:6)
  2 water moccasin zombies (D:6)
  4 wights (D:10)
  A wyvern skeleton (D:6)
  2 elephant simulacra (IceCv)
  10 killer bees
  An electric eel (D:11)
  4 howler monkeys
  A crimson imp (D:7)
  6 bullfrog zombies (D:6)
  9 centaur zombies
  A jelly (D:7)
  5 human zombies (Ossuary)
  9 hounds
  A bullfrog skeleton (D:6)
  29 orc priests
  A centaur skeleton (D:6)
  2 gnoll boudas
  24 orc wizards
  5 hell rats (Lair:2)
  A spriggan simulacrum (IceCv)
  2 polar bear simulacra (IceCv)
  2 troll simulacra (IceCv)
  A killer bee zombie (D:6)
  A wolf simulacrum (IceCv)
  3 mummies (Ossuary)
  3 howler monkey zombies (D:6)
  11 gnolls
  A howler monkey skeleton (D:6)
  A naga simulacrum (IceCv)
  10 adders
  15 white imps
  5 ufetubi
  4 worms
  6 dart slugs
  104 orcs
  8 ball pythons
  8 endoplasms
  7 giant cockroaches
  7 goblins
  7 hobgoblins
  2 jackals (D:5)
  2 quokkas
  3 bats
  4 frilled lizards
  21 kobolds
  3 rats
800 creatures vanquished.

Vanquished Creatures (collateral kills)
  A reaper (IceCv)
  A two-headed ogre (D:12)
  2 orc knights (Orc:2)
  An orc warrior (D:12)
  4 orc priests (Orc:2)
  An orc wizard (D:12)
  An ufetubus (IceCv)
  4 orcs
15 creatures vanquished.

Vanquished Creatures (others)
  3 bloated husks
  A gnoll (D:7)
  4 orcs
  2 foxfires (Swamp:1)
  24 fungi
  21 plants
  6 withered plants
61 creatures vanquished.

Grand Total: 876 creatures vanquished

Notes
Turn   | Place    | Note
-------+----------+-------------------------------------------
     0 | D:1      | LabCoat the Hill Orc Fighter began the quest for the Orb.
     0 | D:1      | Reached XP level 1. HP: 19/19 MP: 1/1
   179 | D:1      | Reached skill level 3 in Axes
   270 | D:1      | Reached XP level 2. HP: 27/27 MP: 2/2
   492 | D:1      | Identified a scroll of acquirement
   492 | D:1      | Acquired the +8 mithril axe "Arga" {speed, Will+}
   492 | D:1      | Found the +8 mithril axe "Arga" {speed, Will+}
   669 | D:2      | Reached XP level 3. HP: 33/33 MP: 3/3
   816 | D:2      | Found a faded altar of an unknown god.
   896 | D:2      | Found an ornate altar of the Wu Jian Council.
   910 | D:2      | Reached skill level 4 in Axes
   991 | D:2      | Reached XP level 4. HP: 40/40 MP: 4/4
  1426 | D:3      | Reached XP level 5. HP: 21/47 MP: 5/5
  2277 | D:4      | Reached skill level 5 in Axes
  2415 | D:4      | Found a sand-covered staircase.
  2420 | Ossuary  | Entered an ossuary
  2472 | Ossuary  | Reached skill level 1 in Throwing
  2474 | Ossuary  | Reached XP level 6. HP: 22/53 MP: 6/6
  2685 | Ossuary  | Reached skill level 6 in Axes
  2688 | Ossuary  | Reached skill level 5 in Fighting
  2695 | Ossuary  | Reached XP level 7. HP: 61/61 MP: 7/7
  2744 | Ossuary  | Reached skill level 5 in Shields
  2951 | D:4      | Reached skill level 7 in Axes
  2988 | D:4      | Reached skill level 5 in Armour
  3179 | D:4      | Found a runed translucent gate.
  3179 | D:4      | Found a runed translucent gate.
  3179 | D:4      | Found a runed translucent gate.
  3180 | D:4      | Noticed topfpfpflanze's ghost (amateur TeAE)
  3181 | D:4      | Noticed Smoky173's ghost (amateur DECj)
  3181 | D:4      | Noticed tensugalgo's ghost (novice PaBr)
  3335 | D:4      | Reached XP level 8. HP: 69/69 MP: 8/8
  3481 | D:5      | Entered Level 5 of the Dungeon
  3781 | D:5      | Reached skill level 8 in Axes
  3815 | D:5      | Noticed a troll
  3821 | D:5      | Killed a troll
  4242 | D:6      | Reached skill level 9 in Axes
  4242 | D:6      | Reached XP level 9. HP: 67/78 MP: 9/9
  4467 | D:6      | Reached skill level 10 in Axes
  4476 | D:6      | Found a staircase to the Ecumenical Temple.
  4488 | Temple   | Entered the Ecumenical Temple
  4499 | Temple   | Became a worshipper of Trog the Wrathful
  5359 | D:6      | Reached XP level 10. HP: 80/86 MP: 10/10
  5391 | D:6      | Reached skill level 11 in Axes
  5864 | D:7      | Reached * piety under Trog
  6166 | D:7      | Reached skill level 5 in Throwing
  6424 | D:7      | Found Axaraffe's Neck Hole.
  6521 | D:7      | Found a basalt altar of Yredelemnul.
  6672 | D:7      | Found a burning altar of Makhleb.
  6993 | D:8      | Found a broken altar of Ashenzari.
  7070 | D:8      | Identified the amulet of Kuf Qog {Reflect Will+ SH+5}
  7084 | D:8      | Found a runed translucent door.
  7085 | D:8      | Found a shimmering altar of Xom.
  7085 | D:8      | Noticed vilexx's ghost (novice OpTm)
  7086 | D:8      | Noticed a +0 rapier of chaos
  7244 | D:8      | Noticed Maggie
  7261 | D:8      | Killed Maggie
  7262 | D:8      | Reached skill level 12 in Axes
  7468 | D:8      | Reached skill level 1 in Evocations
  7949 | D:9      | Reached ** piety under Trog
  7960 | D:9      | Reached XP level 11. HP: 94/95 MP: 11/11
  8292 | D:9      | Found Jelaruak's Self-Improvement Boutique.
  8458 | D:10     | Entered Level 10 of the Dungeon
  8458 | D:10     | Noticed a two-headed ogre
  8465 | D:10     | Killed a two-headed ogre
  8466 | D:10     | Reached skill level 13 in Axes
  8592 | D:10     | Found an iron altar of Okawaru.
  8858 | D:10     | Noticed a two-headed ogre
  8871 | D:10     | Killed a two-headed ogre
  9115 | D:10     | Found a snail-covered altar of Cheibriados.
  9161 | D:10     | Found a staircase to the Lair.
  9237 | D:10     | Reached *** piety under Trog
  9239 | D:10     | Found a staircase to the Orcish Mines.
  9360 | D:10     | Found Layz's CLEARANCE SALE!.
  9363 | D:10     | Bought a scroll of identify for 10 gold pieces
  9580 | Lair:1   | Entered Level 1 of the Lair of Beasts
  9874 | Lair:1   | Noticed an oklob plant
  9960 | Lair:1   | Noticed Gastronok
  9991 | Lair:1   | Killed Gastronok
  9992 | Lair:1   | Reached skill level 14 in Axes
 10441 | Lair:1   | Found the +8 whip "Snakebite" {venom, curare, rPois}
 10768 | Lair:2   | Noticed a death yak
 10768 | Lair:2   | Noticed a death yak
 10768 | Lair:2   | Noticed a death yak
 10769 | Lair:2   | Noticed a death yak
 10770 | Lair:2   | Noticed a death yak
 10776 | Lair:2   | Noticed a death yak
 10780 | Lair:1   | Killed a death yak
 10781 | Lair:1   | Reached skill level 10 in Fighting
 10783 | Lair:1   | Killed a death yak
 10784 | Lair:1   | Reached XP level 12. HP: 105/106 MP: 12/12
 10785 | Lair:1   | Killed a death yak
 10799 | Lair:1   | Killed a death yak
 10822 | Lair:2   | Killed a death yak
 10823 | Lair:2   | Reached skill level 15 in Axes
 10823 | Lair:2   | Reached skill level 5 in Evocations
 10835 | Lair:1   | Killed a death yak
 11023 | Lair:2   | Found a staircase to the Snake Pit.
 11250 | Lair:2   | Reached **** piety under Trog
 11327 | Lair:2   | You fall into a shaft and drop 2 floors!
 11327 | Lair:4   | Found an iron altar of Okawaru.
 11525 | Lair:3   | Reached skill level 10 in Armour
 11528 | Lair:3   | Reached skill level 10 in Shields
 11543 | Lair:3   | Reached skill level 16 in Axes
 11608 | Lair:3   | Noticed Fannar
 11623 | Lair:3   | Killed Fannar
 11670 | Lair:3   | Found a frozen archway.
 11697 | IceCv    | Entered an ice cave
 11863 | IceCv    | Reached XP level 13. HP: 74/116 MP: 13/13
 12378 | IceCv    | Noticed a reaper
 12387 | IceCv    | Killed a reaper
 12953 | Lair:2   | Found a runed translucent gate.
 12954 | Lair:2   | Found a runed translucent gate.
 12954 | Lair:2   | Found a runed translucent gate.
 12956 | Lair:2   | Noticed Ordine's ghost (journeyman TeHu)
 12956 | Lair:2   | Noticed aspi's ghost (journeyman DsHW)
 12956 | Lair:2   | Noticed Weugil's ghost (journeyman HaBe)
 12956 | Lair:2   | Noticed Cato's ghost (journeyman DECj)
 12956 | Lair:2   | Noticed Dwachs's ghost (journeyman DrCj)
 13628 | Lair:3   | Reached skill level 17 in Axes
 13683 | Lair:3   | Found a staircase to the Swamp.
 15256 | Lair:4   | Found a viscous altar of Jiyva.
 15261 | Lair:4   | Found a staircase to the Slime Pits.
 15445 | Lair:5   | Entered Level 5 of the Lair of Beasts
 15726 | Lair:5   | Reached skill level 18 in Axes
 15726 | Lair:5   | Reached XP level 14. HP: 126/126 MP: 14/14
 15746 | Lair:5   | Acquired the ring "Hompi" {rPois rF- rCorr Dex+3}
 16597 | Lair:5   | Reached ***** piety under Trog
 16699 | Lair:5   | Noticed a dire elephant
 16715 | Lair:5   | Killed a dire elephant
 16944 | Orc:1    | Entered Level 1 of the Orcish Mines
 17299 | Orc:1    | Found a runed translucent gate.
 17300 | Orc:1    | Found a runed translucent gate.
 17300 | Orc:1    | Found a runed translucent gate.
 17302 | Orc:1    | Noticed dvd2's ghost (journeyman DsBe)
 17467 | Orc:2    | Entered Level 2 of the Orcish Mines
 18088 | Orc:2    | Reached skill level 19 in Axes
 18121 | Orc:2    | Found Onkara Deposch's Magic Scroll Shop.
 18131 | Orc:2    | Found a staircase to the Elven Halls.
 18545 | Orc:2    | Found a burning altar of Makhleb.
 19072 | Orc:2    | Found Jiufiw's Antique Armour Boutique.
 19072 | Orc:2    | Found Kereu's Distillery.
 19073 | Orc:2    | Found Ecaatar's General Store.
 19932 | D:11     | Identified the +0 flail of Generosity {antimagic, *Slow
                  | rElec rC+}
 19965 | D:11     | Reached XP level 15. HP: 134/136 MP: 15/15
 20362 | D:12     | Received a gift from Trog
 20606 | D:12     | Noticed Nessos
 20787 | D:12     | Killed Nessos
 20971 | D:12     | Noticed Azrael
 20976 | D:12     | Noticed Jorgrun
 20999 | D:12     | Killed Jorgrun
 21380 | D:12     | Found Tecun's General Store.
 21387 | D:12     | Noticed Snorg
 21404 | D:12     | Killed Snorg
 21832 | D:12     | Reached skill level 20 in Axes
 21832 | D:12     | Killed Azrael
 22895 | D:13     | Identified the ring "Comuqoint" {rElec rF++ Str+6 Dex-2
                  | Stlth+}
 23743 | D:13     | Found a gate to the Vaults.
 24087 | D:14     | Identified the +12 war axe "Goblin's Curse" {vorpal, rPois}
 24212 | D:14     | Identified the amulet "Sakhocs" {Faith +Blink Will+ Int+4}
 24888 | D:14     | Received a gift from Trog
 25076 | D:15     | Entered Level 15 of the Dungeon
 25397 | D:15     | Reached skill level 10 in Evocations
 25943 | D:15     | Reached XP level 16. HP: 135/147 MP: 6/16
 26090 | D:15     | Found a radiant altar of Vehumet.
 26567 | D:15     | Reached skill level 21 in Axes
 26571 | D:15     | Received a gift from Trog
 26637 | D:15     | Found a staircase to the Depths.
 27042 | Swamp:1  | Entered Level 1 of the Swamp
 28480 | Orc:2    | Bought 2 potions of berserk rage for 100 gold pieces
 28480 | Orc:2    | Bought a potion of curing for 30 gold pieces
 28480 | Orc:2    | Bought a potion of berserk rage for 50 gold pieces
 28480 | Orc:2    | Bought 2 potions of curing for 60 gold pieces
 28480 | Orc:2    | Bought a potion of heal wounds for 50 gold pieces
 28481 | Orc:2    | Bought a scroll of teleportation for 39 gold pieces
 28481 | Orc:2    | Bought a scroll of blinking for 97 gold pieces
 28481 | Orc:2    | Bought a scroll of teleportation for 39 gold pieces
 28484 | Orc:2    | Bought a glowing plate armour for 520 gold pieces
 29483 | Swamp:2  | Reached skill level 15 in Fighting
 30518 | Swamp:3  | Noticed a fenstrider witch
 30529 | Swamp:2  | Killed a fenstrider witch
 31288 | Swamp:2  | Reached skill level 22 in Axes
 31815 | Swamp:3  | Identified the +1 arbalest of Valour {flame, *Slow rF++
                  | SInv}
 31857 | Swamp:3  | Noticed a fenstrider witch
 31867 | Swamp:3  | Killed a fenstrider witch
 32218 | Swamp:4  | Entered Level 4 of the Swamp
 32245 | Swamp:4  | Noticed a fenstrider witch
 32255 | Swamp:4  | Killed a fenstrider witch
 32431 | Swamp:4  | Reached XP level 17. HP: 146/156 MP: 5/17
 33281 | Swamp:4  | HP: 9/234 [swamp dragon (4)]
 33281 | Swamp:4  | Slain by a seven-headed hydra

Illustrated notes

Levels and vault maps discovered:
D:1:      minmay_arrival_open_corners, layout_loops_ring, minivault_14
D:2:      layout_rooms, chequers_ecumenical_altar_island, basic_altar,
          st_stairs_9, amethyst_killhole
D:3:      layout_basic, minmay_door_square, grunt_decor_resistance
D:4:      layout_loops_ring, lightli_ossuary_entry_decrepit_ruins,
          gammafunk_ghost_cemetery, nicolae_concentric_dashed_squares_mild,
          nicolae_eternal_life, chequers_serial_rivers_small_3
D:5:      layout_basic, kennysheep_small_spiral
D:6:      layout_basic, minmay_temple_entry_statues_pillars, serial_undead,
          serial_undead_d, serial_undead_a, serial_undead_f, serial_undead_c,
          serial_undead_c, serial_undead_c, serial_undead_d, serial_undead_a
D:7:      layout_cave_pools, makhleb_grotto_becter, mainiacjoe_overflow_paths,
          nicolae_shop_sticking_my_neck_out
D:8:      layout_loops_corners, evilmike_ruin_ashenzari, ebering_ghost_xom,
          uniq_maggie
D:9:      layout_gridville, kennysheep_doodads, nicolae_shop_self_help
D:10:     layout_roguey, okawaru_gym_becter, mainiacjoe_overflow_catwalk,
          lair_entry_dummy, hiddenorc2_lemuel, nicolae_shop_clearance
D:11:     layout_small_grid, serial_bayou_pond_b
D:12:     layout_layer_cave, serial_shops, kennysheep_little_box, uniq_nessos,
          uniq_snorg, uniq_azrael, uniq_jorgrun
D:13:     layout_rooms, grunt_vaults_entry_tiered
D:14:     layout_loops_cross, kennysheep_another_room
D:15:     gammafunk_enter_depths_forms, layout_basic, nrook_campfire,
          nicolae_vehumet_altar_sigil
Temple:   minmay_crystal_spiral_temple
Lair:1:   minmay_guarded_unrand_snakebite, layout_concentric_octagons,
          serial_bayou_shore_b, lemuel_fruit_tree, uniq_gastronok
Lair:2:   layout_layer_cave, guppyfry_snake_entry_island,
          gammafunk_ghost_cemetery
Lair:3:   layout_chaotic_city, minmay_swamp_entry_worms,
          portal_ice_cave_entry_imps, serial_bayou_shore_a, uniq_fannar
Lair:4:   layout_small_grid, minmay_slime_entry_oklob_open, basic_altar
Lair:5:   grunt_lair_end_beastmaster, layout_loops_ring, serial_bayou_pond_a,
          grunt_megastairs_2
Swamp:1:  layout_basic_swamp, nicolae_swamp_very_dense_foliage, swamp_pool1
Swamp:2:  layout_basic_swamp, evilmike_swamp_ruin_house_1
Swamp:3:  layout_basic_swamp, evilmike_swamp_ruin_house_3
Swamp:4:  grunt_swamp_rune_castle, layout_basic_swamp, swamp_pool3,
          hangedman_swamp_diagram, nicolae_swamp_small_spring
Orc:1:    layout_diamond_mine, gammafunk_ghost_necromancy
Orc:2:    st_orc_pillars, layout_diamond_mine, basic_altar,
          gauntlet_entry_generic

Skill      XL: |  1  2  3  4  5  6  7  8  9 10 11 12 13 14 15 16 17 |
---------------+----------------------------------------------------+-----
Axes           | 3 4 5 6 7 9 10 12 14 16 18 19 20 22 | 22.5
Fighting       | 4 5 6 7 8 10 11 12 13 14 15 | 15.6
Shields        | 4 5 6 8 9 10 11 12 13 14 | 14.1
Armour         | 4 5 6 7 8 9 10 11 12 13 14 | 14.2
Throwing       | 1 2 3 4 5 |  5.2
Evocations     | 2 4 6 7 8 10 11 | 11.3

Action                   |  1- 3 |  4- 6 |  7- 9 | 10-12 | 13-15 | 16-18 || total
-------------------------+-------+-------+-------+-------+-------+-------++-------
Melee: War axe           |    28 |       |       |       |       |       ||    28
       Broad axe         |    41 |    88 |   214 |   464 |   578 |   302 ||  1687
       Morningstar       |       |       |       |       |    10 |       ||    10
       Battleaxe         |       |       |       |       |   157 |    35 ||   192
       Flail             |       |       |       |       |    42 |    52 ||    94
       Executioner's axe |       |       |       |       |     9 |       ||     9
Throw: Dart              |       |    22 |       |     5 |    37 |       ||    64
       Boomerang         |       |       |       |    68 |   197 |    61 ||   326
Invok: Berserk           |       |       |       |     1 |     5 |     4 ||    10
       Trog's Hand       |       |       |       |     1 |     8 |     3 ||    12
       Brothers in Arms  |       |       |       |       |     3 |     2 ||     5
Evoke: Wand              |       |       |       |     4 |    18 |    14 ||    36
       Lightning rod     |       |       |       |       |     4 |     5 ||     9
  Use: Scroll            |     5 |     4 |     6 |     4 |    22 |     1 ||    42
       Potion            |       |       |     1 |     3 |    12 |    12 ||    28
 Stab: Distracted        |       |       |       |       |     1 |       ||     1
       Paralysed         |       |       |       |       |     2 |     3 ||     5
Armor: Scale mail        |    14 |       |       |       |       |       ||    14
       Chain mail        |    14 |    55 |   135 |    80 |       |       ||   284
       Plate armour      |       |       |       |   144 |   364 |   245 ||   753
Dodge: Dodged            |    26 |    26 |    76 |   114 |   154 |   105 ||   501
Block: Buckler           |    11 |    16 |    46 |    55 |       |       ||   128
       Kite shield       |       |       |       |    69 |   367 |   281 ||   717
       Reflection        |       |       |       |       |    28 |     7 ||    35
       Other             |       |       |       |       |    21 |     6 ||    27
